 Dungeon Crawl Stone Soup version 0.28.0-43-g3370ac3207 (webtiles) character file.

Game seed: 8518448641939894962

42 styxcanada the Sneak (level 3, 0/18 HPs)
             Began as a Spriggan Brigand on Mar 26, 2022.
             Shot with a stone by a goblin (1 damage)
             ... on level 2 of the Dungeon.
             The game lasted 00:05:38 (1922 turns).

styxcanada the Sneak (Spriggan Brigand)             Turns: 1922, Time: 00:05:39

Health: 0/18       AC:  3    Str:  7    XL:     3   Next: 35%
Magic:  4/4        EV: 17    Int: 12    God:
Gold:   47         SH:  0    Dex: 18    Spells: 2/2 levels left

rFire   . . .      SeeInvis +   a - +2 dagger
rCold   . . .      Faith    .   (no shield)
rNeg    . . .      Spirit   .   b - +0 robe
rPois   .          Reflect  .   (helmet restricted)
rElec   .          Harm     .   c - +0 cloak
rCorr   .          Rampage  .   (gloves unavailable)
Will    .....                   (boots unavailable)
Stlth   ++++......              (no amulet)
HPRegen 0.06/turn               (no ring)
MPRegen 0.09/turn               (no ring)

@: lethally poisoned (0 -> -2), very quick
A: very small, no large weapons, unfitting armour, see invisible, speed 3
a: no special abilities


You were on level 2 of the Dungeon.
You visited 1 branch of the dungeon, and saw 2 of its levels.

You collected 75 gold pieces.
You spent 28 gold pieces at shops.

Inventory:

Hand Weapons
 a - a +2 dagger (weapon)
 h - a +0 hunting sling
 j - a +0 hunting sling
Missiles
 d - 5 poisoned darts (quivered)
 e - 8 curare-tipped darts
 g - 90 stones
Armour
 b - a +0 robe (worn)
 c - a +0 cloak (worn)
Jewellery
 l - a ring of resist corrosion
Scrolls
 k - 2 scrolls of identify
 n - a scroll of blinking {unknown}
 o - a scroll of vulnerability {unknown}
Potions
 f - a potion of attraction {unknown}
 i - a potion of curing {unknown}
 m - a potion of brilliance {unknown}


   Skills:
 * Level 1.8 Fighting
 + Level 2.3 Short Blades
 + Level 2.0 Throwing
 * Level 2.3 Dodging
 * Level 7.1 Stealth


You had 2 spell levels left.
You didn't know any spells.
Your spell library contained the following spells:

 Spells                   Type           Power      Damage    Failure   Level
 Magic Dart               Conj           0%         1d3       32%         1
 Call Imp                 Summ           0%         N/A       45%         2
 Mephitic Cloud           Conj/Pois/Air  0%         N/A       69%         3


Dungeon Overview and Level Annotations

Branches:
Dungeon (2/15)

Altars:

Shops:
D:2 ?


Innate Abilities, Weirdness & Mutations

You are very small and have problems with some larger weapons.
You are too small for most types of armour.
You have supernaturally acute eyesight. (SInv)
You cover ground extremely quickly. (Speed+++)


Message History

There is an open door here.
You open the door.
A hobgoblin and 3 goblins come into view.
A goblin is wielding a +1 dagger of venom.
The goblin shouts! x2; The hobgoblin shouts!
The goblin shouts!
You hit the goblin.
The goblin is severely wounded.
The goblin hits you with a +1 dagger of venom.
You are poisoned.
You feel sick.
There is an open door here.
Throw: 6 darts (poison)
Press: ? - help, Q - select action, (/) - cycle Shift-Dir - straight line, f - goblin
Aim: a goblin, wielding a +0 dagger (55% to hit)
You throw a poisoned dart.
The poisoned dart closely misses the goblin.
The poisoned dart closely misses the goblin.
The poisoned dart hits the hobgoblin!
The hobgoblin is poisoned.
You feel sick.
You hit the goblin.
You kill the goblin!
You feel sick.
You hit the goblin.
The goblin is heavily wounded.
You feel sick. The goblin hits you but does no damage.
You closely miss the goblin.
The goblin is heavily wounded.
You feel sick. The goblin misses you.
You hit the goblin.
The goblin is severely wounded.
You feel sick. The goblin hits you with a +0 dagger.
* * * LOW HITPOINT WARNING * * *
You hit the goblin.
You kill the goblin!
* * * LOW HITPOINT WARNING * * *
You feel sick.
The goblin unwields a +0 dagger.
The goblin wields a +0 hunting sling.
The goblin shoots a stone.
The stone hits you.
You die...

#...####+####..#
#..... ########..##
#...# ##.# #.....
..........# +...+
#.# ##>...
#########.## .(.
##.# ##...
####..####'####..#
##.#
#.......#.g.#...##
#.#
#.#####.##g##.###
#.# #.# #..#'#..#
#.# ##
##.######...@.##
#.#
.####.............#
#.#
............#####.#
#.# #####.......#
#.# ###.#
#...........# #.#
#...# #.#.......#^#
#.# #.###
#.#........# #.#
#.# #.#.......##
#.# #.#
#.#.......####..#
#.#


You could see a hobgoblin (very poisoned) and a goblin.

Vanquished Creatures
  An adder (D:2)
  4 endoplasms
  A giant cockroach (D:2)
  5 goblins
  4 hobgoblins (D:2)
  3 jackals (D:1)
  2 quokkas (D:2)
  A ball python (D:2)
  2 bats (D:1)
  3 frilled lizards (D:2)
  A kobold (D:1)
  3 rats
30 creatures vanquished.

Notes
Turn   | Place    | Note
-------+----------+-------------------------------------------
     0 | D:1      | styxcanada the Spriggan Brigand began the quest for the
                  | Orb.
     0 | D:1      | Reached XP level 1. HP: 10/10 MP: 2/2
   139 | D:1      | Reached skill level 6 in Stealth
   167 | D:1      | Reached XP level 2. HP: 6/14 MP: 3/3
   593 | D:1      | Found a faded altar of an unknown god.
  1160 | D:2      | Found Yxole's Magic Scroll Emporium.
  1169 | D:2      | Reached XP level 3. HP: 12/18 MP: 4/4
  1182 | D:2      | Bought a scroll of identify for 28 gold pieces
  1340 | D:2      | Reached skill level 7 in Stealth
  1922 | D:2      | Shot with a stone by a goblin

Illustrated notes

Levels and vault maps discovered:
D:1:      lightli_arrival_quake, layout_rooms,
          dreamdust_ecumenical_altar_statues
D:2:      cheibrodos_greedy_goblins, layout_loops_ring, serial_shops, shop

Skill      XL: |  1  2  3 |
---------------+----------+-----
Stealth        | 6 7 |  7.1
Dodging        | 2 |  2.3
Fighting       | |  1.8
Short Blades   | |  2.3
Throwing       | |  2.0

Action                   || total
-------------------------++-------
Melee: Dagger            ||    78
       Punch             ||     1
Throw: Dart              ||    13
 Stab: Sleeping          ||     9
Armor: Robe              ||     4
Dodge: Dodged            ||    43
